AoeStats
← *#Renovation#*

Arena

508995775Analyzed
2v2 RM · 8d ago on Sep 25, 2026· 59m 6s· 4 players
Game mode
Random Map
Map size
Medium (4 player)
Population
200
Speed
Normal
Resources
Standard
Victory
Conquest
Starting age
Dark Age
Ending age
Imperial Age
RankedLock teamsTeams togetherTeam positionsShared explorationLock speedFull tech treeHidden civsTurbo modeCheats
Victory
Defeat
🇺🇸 Romans · United States
989
+15
🇲🇽 Danes · Mexico
962
+17
🇨🇱 Hindustanis · Chile
1008
-17
🇹🇼 Spanish · Taiwan
942
-15
miltiades0490
9:54 Feudal Age
13:47 Castle Age
12:05 Double-Bit Axe
12:14 Horse Collar
12:39 Loom
20:41 Padded Archer Armor
21:06 Stone Mining
25:06 Bow Saw
26:21 Wheelbarrow
28:30 Gold Mining
33:38 Imperial Age
30:50 Pikeman
32:19 Squires
33:21 Scale Mail Armor
33:12 Fletching
33:33 Forging
33:57 Halberdier
36:16 Gold Shaft Mining
36:01 Capped Ram
36:20 Man-at-Arms
37:48 Conscription
37:51 Comitatenses
36:57 Siege Ram
37:46 Long Swordsman
39:16 Hand Cart
38:46 Town Watch
38:38 Legionary
39:59 Chain Mail Armor
40:20 Iron Casting
40:32 Heavy Plow
41:36 Town Patrol
42:48 Masonry
43:41 Chemistry
43:45 Blast Furnace
42:40 Bodkin Arrow
50:04 Scale Barding Armor
50:33 Architecture
50:09 Siege Engineers
50:25 Ballistics
50:49 Crop Rotation
51:49 Coinage
51:20 Caravan
51:31 Guilds
52:36 Chain Barding Armor
54:12 Husbandry
54:24 Bloodlines
53:58 Cavalier
56:03 Light Cavalry
58:47 Banking
weirstt
0:28 Loom
10:49 Feudal Age
11:16 Double-Bit Axe
16:45 Castle Age
14:55 Horse Collar
15:46 Stone Mining
18:01 Wheelbarrow
19:08 Gold Mining
24:22 Fletching
25:03 Heavy Plow
30:28 Imperial Age
29:04 Hand Cart
30:49 Pikeman
31:51 Halberdier
36:07 Bow Saw
36:25 Conscription
35:26 Elite Jomsviking
36:25 Elite Skirmisher
37:15 Bodkin Arrow
37:20 Padded Archer Armor
40:49 Elite Varangian Guard
47:35 Forging
47:26 Scale Mail Armor
47:28 Bracer
47:44 Leather Archer Armor
50:02 Ballistics
50:43 Chemistry
50:57 Iron Casting
*#Renovation#*
3:39 Loom
10:25 Feudal Age
12:19 Wheelbarrow
11:33 Double-Bit Axe
17:43 Castle Age
17:32 Bloodlines
17:27 Padded Archer Armor
18:34 Town Watch
19:10 Fletching
21:25 Bow Saw
20:43 Crossbowman
23:07 Forging
24:41 Pikeman
26:12 Bodkin Arrow
35:28 Imperial Age
36:29 Ballistics
36:53 Hand Cart
36:41 Town Patrol
36:12 Heavy Camel Rider
40:05 Chemistry
43:34 Imperial Camel Rider
44:16 Husbandry
47:13 Scale Barding Armor
51:07 Elite Skirmisher
58:23 Iron Casting
58:09 Chain Barding Armor
小藍
10:43 Feudal Age
15:38 Castle Age
13:53 Horse Collar
14:43 Double-Bit Axe
15:44 Loom
19:00 Town Watch
20:03 Town Watch
26:05 Wheelbarrow
25:42 Bow Saw
28:11 Heavy Plow
32:08 Hand Cart
32:47 Town Patrol
33:38 Forging
33:55 Bloodlines
33:45 Husbandry
34:45 Pikeman
35:26 Squires
36:04 Gold Mining
40:49 Imperial Age
38:24 Arson
38:25 Gambesons
39:40 Iron Casting
39:05 Scale Mail Armor
39:07 Padded Archer Armor
38:57 Fletching
41:16 Elite Conquistador
41:27 Halberdier
42:55 Cavalier
44:30 Stone Mining
48:36 Blast Furnace
47:52 Chain Mail Armor
47:42 Scale Barding Armor
47:50 Scale Barding Armor
48:37 Bodkin Arrow
48:58 Leather Archer Armor
50:12 Stone Shaft Mining
Connection lost

Rejoining the realm…

Still unreachable

The connection could not be restored.

Session expired

The server has moved on; the page needs a fresh start.